Unix xNetHack Version 8.0.0 - last build May 29 2023 23:17:57 (41a4696aa572993ed6643b01d84a59c3a2183a77). Game began 2023-06-03 20:55:14, ended 2023-06-03 21:15:37. Raisse, neutral female gnomish Wizard -------------------------------------- .?.........)))*..**........*)*.)....).. |p------------------)----------------.. |G| ..$.. |.. |.| .(....- - |.. |.| |......| |.|.. |.| ...%.*.| |.#.. ..#. |......| |.|..- &|.- -.*....- | |...- .| . ....*.00 |.-<. .| .. ....... |.... .| ... --...-- |. .| -.- .... |. .| . ..%. |. %| .. .._. |. .| ... |0 -- ---- Raisse the Conjurer St:12 Dx:12 Co:13 In:19 Wi:10 Ch:10 Neutral Dlvl:6 $:25 HP:0(34) Pw:35(36) AC:8 Xp:4/126 T:1279 Hallu Latest messages: You don't have enough energy to cast that spell. You gore Aruka of Agoruhai. You see here 9 rocks. Poes drops a rock. With great effort you move the boulder. You see here 6 rocks. You hear someone incant FNORD. Poes picks up a rock. You hear a monster behind the boulder. Perhaps that's why you cannot move it. Poes drops a rock. Ogzogthos of Agoruhai punches you! You pierce Ogzogthos of Agoruhai. Ogzogthos of Agoruhai punches you! Ogzogthos of Agoruhai's skull cap deflects your attack. Ogzogthos of Agoruhai hits! You miss Ogzogthos of Agoruhai. Ogzogthos of Agoruhai punches you! Are you waiting to get hit? Use 'm' prefix to force a no-op (to rest). Poes picks up a rock. You see here 5 rocks. Baneuul of Agoruhai picks up a spear. Baneuul of Agoruhai throws a spear! You are hit by a spear. Baneuul of Agoruhai throws a spear! A spear misses you. You see here 5 rocks. Baneuul of Agoruhai throws a spear! You are hit by a spear. Poes drops a rock. Poes picks up a rock. Poes drops a rock. You hear a distant zap. Poes picks up a rock. Poes drops a rock. Poes picks up a rock. The orc shaman hurls a golden potion! The flask crashes on your head and breaks into shards. The golden potion evaporates. Oh wow! Everything looks so cosmic! The dog shoots 2 poisoned crude arrows! You are hit by the 1st poisoned crude arrow. Wizard is about to die. You are hit by the 2nd poisoned crude arrow. You die... Do you want your possessions identified? [ynq] (y) y Do you want to see your attributes? [ynq] (y) y Do you want an account of creatures vanquished? [ynaq] (y) y Do you want to see your conduct and achievements? [ynq] (y) y Do you want to see the dungeon overview? [ynq] (y) y Inventory: Inventory: 321/675 weight (24/52 slots) Coins $ - 25 gold pieces {1} Weapons a - an uncursed +0 wooden orcish dagger (weapon in hand) {3} k - 5 uncursed +0 mithril arrows {3} s - a blessed +1 quarterstaff (alternate weapon; not wielded) {40} w - 9 cursed -1 darts named cursed {9} D - 24 uncursed +0 darts (at the ready) {24} Armor u - a cursed -2 pair of cloth fumble boots {13} C - an uncursed +0 cloak of magic resistance (being worn) {8} G - an uncursed +0 pair of leather gloves {10} H - an uncursed +0 orcish helm (being worn) {23} Comestibles j - 2 uncursed lichen corpses {40} l - a cursed food ration named pc {20} p - an uncursed strange object {5} Scrolls g - 2 cursed scrolls of identify {10} m - an uncursed scroll of enchant armor {5} A - a cursed scroll of light {5} Potions i - an uncursed potion of gain energy {20} n - an uncursed potion of water {20} v - an uncursed potion of restore ability {20} B - an uncursed potion of paralysis {20} Wands F - an uncursed wand of speed monster (0:5) {7} Tools h - an uncursed towel {2} q - a cursed skeleton key named pc {3} x - an empty uncursed paper sack {7} y - an uncursed tin opener {4} Raisse the Wizard's attributes: Background: You were a Conjurer, a level 4 female gnomish Wizard. You were neutral, nominally on a mission for Thoth who was opposed by Ptah (lawful) and Anhur (chaotic). You were bisexual. You were in the Gnomish Mines, on level 6. You entered the dungeon 1279 turns ago. There was a full moon in effect when your adventure ended. You had 126 experience points, 34 more were needed to attain level 5. Basics: You had 0 out of 34 hit points. You had 35 out of 36 energy points (spell power). Your armor class was 8. Your wallet contained 25 Flanian Pobble Beads. Autopickup was on for '$!?/"=+' plus thrown, with exceptions. Final Characteristics: Your strength was 12 (limit:18/50). Your dexterity was 12 (limit:18). Your constitution was 13 (limit:18). Your intelligence was 19 (limit:19). Your wisdom was 10 (limit:18). Your charisma was 10 (limit:18). Final Status: You were hallucinating. You were not hungry. You were unencumbered. You were wielding a dagger. You were unskilled in dagger. Final Attributes: You were devoutly aligned. You were magic-protected. You had infravision. You were warded. You were lucky. You are dead. Miscellaneous: You never encountered a bones level. Total elapsed playing time was 20 minutes and 22 seconds. Major events: Turn 1: Raisse the neutral female gnomish Wizard entered the dungeon 496: entered the Gnomish Mines 771: attained the rank of Conjurer (level 3) 1279: killed by an orcish arrow Vanquished creatures: an orc shaman 3 hill orcs a giant bat a hobbit 4 manes a large kobold a hobgoblin 2 gnomes 3 geckos 3 jackals 3 foxes a kobold a goblin 2 sewer rats 4 grid bugs 2 lichens 2 kobold zombies 3 newts and a partridge in a pear tree 38 creatures vanquished. No species were genocided or became extinct. Voluntary challenges: You were an atheist. You read items or engraved 2 times. You never genocided any monsters. You never polymorphed an object. You never changed form. You never touched an artifact. You used no wishes. You never scared an enemy with impunity. You were celibate. You never generated conflict. Achievements: You entered the Gnomish Mines. You attained the rank of Conjurer. Dungeon overview: The Dungeons of Doom: levels 1 to 2 Level 1: Level 2: "spb" Stairs down to The Gnomish Mines. The Gnomish Mines: levels 3 to 6 Level 3: Level 4: Level 5: Level 6: <- You were here. An altar. Final resting place for you, killed by an orcish arrow. Game over: __________ / \ / REST \ / IN \ / PEACE \ / \ | Raisse | | 25 Au | | killed by an | | orcish arrow | | | | | | 2023 | *| * * * | * _________)/\\_//(\/(/\)/\//\/|_)_______ Goodbye Raisse the Wizard... You died in The Gnomish Mines on dungeon level 6 with 787 points, and 25 pieces of gold, after 1279 moves. You were level 4 with a maximum of 34 hit points when you died.